Flyers vs Lightning

Created - January-20-13 at 12:41

Goals
1 2 3 T
Flyers 2 2 1 5
Lightning 1 0 1 2
Shots
1 2 3 T
Flyers 5 5 8 18
Lightning 12 2 6 20

1st period

1. Flyers , Kyle Brodziak 10 (Chris Pronger) at 7:16
2. Lightning , Teddy Purcell 8 (Paul Stastny, Andrej Meszaros) at 14:54
3. Flyers , Kyle Brodziak 11 (Marc-Andre Bergeron, Philip Larsen) at 15:26

Penalties :
Kevin Bieksa (PHI) for Goalie Interference (Minor) at 3:23, Tim Gleason (TBL) for Interference (Minor) at 10:07, Marc-Andre Bergeron (PHI) for Holding (Minor) at 18:51

2nd period

4. Flyers , Nathan Gerbe 1 (Niklas Hagman, Chris Pronger) at 12:40
5. Flyers , Steve Sullivan 8 (Chris Pronger, Luke Schenn) at 13:06

Penalties :
Luke Schenn (PHI) for Elbowing (Minor) at 16:43

3rd period

6. Flyers , Justin Williams 13 (Kyle Brodziak, Chris Pronger) at 0:51
7. Lightning , Patrick Sharp 15 (Martin St. Louis) at 1:56 (PP)

Penalties :
Kevin Bieksa (PHI) for Holding (Minor) at 0:54, Dustin Penner (PHI) for Interference (Minor) at 2:24, Brent Seabrook (TBL) for Interference (Minor) at 10:07, Philip Larsen (PHI) for Elbowing (Minor) at 13:06

Goalie Stats

Devan Dubnyk (PHI), 18 saves from 20 shots - (0.900), W, 19-14-3, 60:00 minutes
Jaroslav Halak (TBL), 13 saves from 18 shots - (0.722), L, 8-10-1, 60:00 minutes

Players Stats for Flyers

Player Name              G  A  P  +/- PIM S  H  SB GA TA FO     MP     PP MP  PK MP  
------------------------------------------------------------------------------------
Andreas Lilja            0  0  0   1  0   0  2  0  0  0  0/0    13:56   0:00   2:45 
Brian Lee                0  0  0   0  0   1  1  1  0  0  0/0    18:21   1:15   0:41 
Chris Pronger            0  4  4   3  0   0  0  1  0  0  0/0    23:43   1:11   5:59 
David Steckel            0  0  0   0  0   2  2  0  0  0  7/12   16:47   2:09   0:00 
Dustin Penner            0  0  0   1  2   1  2  0  0  0  6/15   13:40   0:00   0:00 
Gabriel Bourque          0  0  0   0  0   0  1  0  0  0  0/0     6:23   0:58   2:22 
John Madden              0  0  0   0  0   0  0  0  0  0  2/2     2:33   0:03   0:03 
Justin Williams          1  0  1   3  0   2  1  0  0  0  0/0    18:42   1:11   3:12 
Kevin Bieksa             0  0  0   0  4   1  1  1  0  0  0/0    22:39   1:46   3:54 
Kyle Brodziak            2  1  3   3  0   2  3  0  0  0  16/36  23:47   1:46   7:42 
Luke Schenn              0  1  1   3  2   0  4  0  0  0  0/0    21:32   0:59   3:40 
Marc-Andre Bergeron      0  1  1   3  2   3  2  0  0  0  1/3    21:49   1:16   5:23 
Nathan Gerbe             1  0  1   0  0   2  0  0  0  0  1/2    14:38   0:00   0:00 
Niklas Hagman            0  1  1   0  0   0  0  0  0  0  0/0    16:50   1:12   0:00 
Nikolai Kulemin          0  0  0   1  0   1  0  0  0  0  0/0    15:25   1:44   0:00 
Philip Larsen            0  1  1   1  2   0  0  2  0  0  0/0    17:34   2:06   4:19 
Ryan Ellis               0  0  0   0  0   0  0  0  0  0  0/0     2:11   0:39   0:36 
Steve Sullivan           1  0  1   1  0   3  0  0  0  0  1/1    18:27   1:35   3:12 

Players Stats for Lightning

Player Name              G  A  P  +/- PIM S  H  SB GA TA FO     MP     PP MP  PK MP  
------------------------------------------------------------------------------------
Andrej Meszaros          0  1  1  -1  0   1  3  0  0  0  0/0    20:14   4:37   1:38 
Andrew Brunette          0  0  0  -1  0   0  1  0  0  0  0/1     6:22   0:00   0:00 
Brent Seabrook           0  0  0  -2  2   2  1  3  0  0  0/0    25:11   6:20   1:20 
Eric Nystrom             0  0  0   1  0   0  3  0  0  0  0/0    10:38   0:00   0:00 
Jaroslav Spacek          0  0  0  -1  0   0  0  2  0  0  0/0    15:15   0:00   1:41 
Josh Gorges              0  0  0  -1  0   1  1  1  0  0  0/0    23:07   4:37   1:52 
Marek Zidlicky           0  0  0  -2  0   0  0  0  0  0  0/0    21:38   6:20   0:25 
Martin Havlat            0  0  0   0  0   2  0  0  0  0  1/3    18:33   5:43   0:00 
Martin St. Louis         0  1  1  -4  0   3  0  0  0  0  0/0    22:15   5:14   1:46 
Mike Knuble              0  0  0  -1  0   2  1  0  0  0  1/1     6:22   0:00   0:00 
Nick Spaling             0  0  0  -1  0   0  1  0  0  0  2/5     8:34   0:00   2:12 
Patrick Kane             0  0  0  -4  0   1  0  0  0  0  0/2    20:29   5:14   0:00 
Patrick Sharp            1  0  1  -4  0   1  0  0  0  0  8/21   20:29   5:14   0:00 
Paul Stastny             0  1  1   1  0   1  0  0  0  0  14/22  18:07   5:43   1:46 
Scott Hartnell           0  0  0   0  0   3  1  0  0  0  0/1    18:33   5:43   0:00 
Teddy Purcell            1  0  1   1  0   1  0  0  0  0  0/0    10:38   0:00   0:00 
Tim Gleason              0  0  0  -1  2   0  1  0  0  0  0/0    14:33   0:00   1:00 
Tomas Plekanec           0  0  0   0  0   2  1  0  0  0  11/15  15:02   0:00   2:12 

3 Stars

1 - Kyle Brodziak (PHI)
2 - Chris Pronger (PHI)
3 - Justin Williams (PHI)

Power Play

Flyers - 0 on 2 Attempt(s) - 0.00%
Lightning - 1 on 6 Attempt(s) - 16.67%

Penalty Kill

Flyers - 5 on 6 Attempt(s) - 83.33% - Score 0 goal in Penalty Kill
Lightning - 2 on 2 Attempt(s) - 100.00% - Score 0 goal in Penalty Kill

Official

Referees : Mike Leggo and Francis Charron
Linesman : Brad Lazarowich and Mark Shewchyk

Game Notes

No Game Note

Finance

Level 1 -- Attendance: 4414 (67.91%) -- Ticket Income $595,890
Level 2 -- Attendance: 4029 (80.58%) -- Ticket Income $382,755
Level 3 -- Attendance: 2510 (71.71%) -- Ticket Income $175,700
Level 4 -- Attendance: 3039 (80.87%) -- Ticket Income $121,560
Luxury Box -- Attendance: 572 (57.20%) -- Ticket Income $200,200
Game was played at the St.Pete Times Forum
Total Attendance: 14564 (73.71%)
Total Ticket Income: $1,476,105
Other Income: $221,416
Total Income: $1,697,521


% Time on Ice - Flyers

Lines # - Real PCT - Wanted PCT - Time Play
Normal Forward
1 - 32% - 40% - 14:19
2 - 30% - 35% - 13:41
3 - 32% - 15% - 14:38
4 - 5% - 10% - 2:27
Normal Defense
1 - 37% - 45% - 16:33
2 - 38% - 40% - 17:01
3 - 25% - 15% - 11:11
4 - 1% - 0% - 0:20
PP Forward
1 - 46% - 60% - 1:49
2 - 54% - 40% - 2:09
PP Defense
1 - 61% - 67% - 2:25
2 - 39% - 33% - 1:33
PK Forward
1 - 71% - 60% - 7:45
2 - 29% - 40% - 3:12
PK Defense
1 - 55% - 60% - 5:59
2 - 45% - 40% - 4:58
PK3 Forward
1 - 0% - 60%
2 - 0% - 40%
PK3 Defense
1 - 0% - 60%
2 - 0% - 40%
44 Forward
1 - 0% - 60%
2 - 0% - 40%
44 Defense
1 - 0% - 60%
2 - 0% - 40%
Last Minute Offensive  - 0:00
Last Minute Defensive  - 0:00
Total
Forward - 60:00
Defense - 60:00

% Time on Ice - Lightning

Lines # - Real PCT - Wanted PCT - Time Play
Normal Forward
1 - 34% - 35% - 15:15
2 - 28% - 30% - 12:50
3 - 24% - 25% - 10:38
4 - 14% - 10% - 6:22
Normal Defense
1 - 33% - 40% - 14:53
2 - 31% - 30% - 13:59
3 - 30% - 20% - 13:34
4 - 6% - 10% - 2:39
PP Forward
1 - 48% - 60% - 5:14
2 - 52% - 40% - 5:43
PP Defense
1 - 58% - 60% - 6:20
2 - 42% - 40% - 4:37
PK Forward
1 - 45% - 50% - 1:46
2 - 55% - 50% - 2:12
PK Defense
1 - 63% - 60% - 2:29
2 - 37% - 40% - 1:29
PK3 Forward
1 - 0% - 50%
2 - 0% - 50%
PK3 Defense
1 - 0% - 60%
2 - 0% - 40%
44 Forward
1 - 0% - 60%
2 - 0% - 40%
44 Defense
1 - 0% - 60%
2 - 0% - 40%
Last Minute Offensive  - 0:00
Last Minute Defensive  - 0:00
Total
Forward - 60:00
Defense - 60:00

Play by Play

1st period


0:01 of 1st period - Kyle Brodziak wins face-off versus Patrick Sharp in neutral zone.
0:23 of 1st period - Shot by Patrick Kane.
0:23 of 1st period - Stopped by Devan Dubnyk without a rebound.
0:24 of 1st period - Tomas Plekanec wins face-off versus Dustin Penner in Flyers zone.
0:42 of 1st period - Shot by Steve Sullivan.
0:42 of 1st period - Shot Misses the Net.
0:52 of 1st period - Josh Gorges is hit by Dustin Penner and loses puck.
1:20 of 1st period - Icing by Dustin Penner.
1:21 of 1st period - Dustin Penner wins face-off versus Paul Stastny in Flyers zone.
1:21 of 1st period - Dustin Penner is hit by Eric Nystrom.
1:57 of 1st period - Shot by Justin Williams.
1:57 of 1st period - Shot Misses the Net.
2:07 of 1st period - Icing by Tim Gleason.
2:08 of 1st period - David Steckel wins face-off versus Paul Stastny in Lightning zone.
2:19 of 1st period - Shot by David Steckel.
2:19 of 1st period - Shot Misses the Net.
3:03 of 1st period - Shot by Patrick Kane.
3:03 of 1st period - Shot Blocked by Chris Pronger.
3:05 of 1st period - Shot by Brent Seabrook.
3:05 of 1st period - Shot Misses the Net.
3:07 of 1st period - Shot by Brent Seabrook.
3:07 of 1st period - Shot Misses the Net.
3:09 of 1st period - Shot by Martin St. Louis.
3:09 of 1st period - Shot Hit the Post.
3:13 of 1st period - Shot by Martin St. Louis.
3:13 of 1st period - Stopped by Devan Dubnyk without a rebound.
3:14 of 1st period - Kyle Brodziak wins face-off versus Andrew Brunette in Flyers zone.
3:14 of 1st period - Kyle Brodziak is hit by Mike Knuble.
3:23 of 1st period - Minor Penalty to Kevin Bieksa for Goalie Interference.
3:24 of 1st period - Patrick Sharp wins face-off versus Kyle Brodziak in Flyers zone.
4:36 of 1st period - Shot by Martin Havlat.
4:36 of 1st period - Stopped by Devan Dubnyk with a rebound.
4:38 of 1st period - Shot by Brent Seabrook.
4:38 of 1st period - Stopped by Devan Dubnyk without a rebound.
4:39 of 1st period - Paul Stastny wins face-off versus Kyle Brodziak in Flyers zone.
5:23 of 1st period - Shot by Patrick Kane.
5:23 of 1st period - Shot Misses the Net.
5:30 of 1st period - David Steckel is hit by Andrew Brunette.
6:11 of 1st period - Icing by Brian Lee.
6:12 of 1st period - David Steckel wins face-off versus Patrick Sharp in Flyers zone.
6:14 of 1st period - Icing by Kevin Bieksa.
6:15 of 1st period - Patrick Sharp wins face-off versus David Steckel in Flyers zone.
6:37 of 1st period - Icing by Luke Schenn.
6:38 of 1st period - Tomas Plekanec wins face-off versus Kyle Brodziak in Flyers zone.
6:52 of 1st period - Icing by Marc-Andre Bergeron.
6:53 of 1st period - Patrick Sharp wins face-off versus Kyle Brodziak in Flyers zone.
7:16 of 1st period - Shot by Kyle Brodziak.
7:16 of 1st period - Goal by Kyle Brodziak - Flyers : 1 - Lightning : 0.
7:17 of 1st period - Dustin Penner wins face-off versus Martin Havlat in neutral zone.
7:30 of 1st period - Shot by Andrej Meszaros.
7:30 of 1st period - Shot Blocked by Philip Larsen.
7:44 of 1st period - Shot by Tomas Plekanec.
7:44 of 1st period - Deflect By Scott Hartnell.
7:44 of 1st period - Stopped by Devan Dubnyk without a rebound.
7:45 of 1st period - Kyle Brodziak wins face-off versus Patrick Sharp in Flyers zone.
8:38 of 1st period - Icing by Chris Pronger.
8:39 of 1st period - Tomas Plekanec wins face-off versus Kyle Brodziak in Flyers zone.
8:53 of 1st period - Martin Havlat is hit by Luke Schenn and loses puck.
10:07 of 1st period - Minor Penalty to Tim Gleason for Interference.
10:08 of 1st period - David Steckel wins face-off versus Tomas Plekanec in Lightning zone.
10:31 of 1st period - Shot by Brian Lee.
10:31 of 1st period - Deflect By David Steckel.
10:31 of 1st period - Stopped by Jaroslav Halak without a rebound.
10:32 of 1st period - Paul Stastny wins face-off versus David Steckel in Lightning zone.
10:41 of 1st period - Philip Larsen is hit by Nick Spaling.
12:03 of 1st period - Off-side.
12:04 of 1st period - John Madden wins face-off versus Paul Stastny in neutral zone.
12:23 of 1st period - Shot by Nikolai Kulemin.
12:23 of 1st period - Shot Blocked by Brent Seabrook.
12:25 of 1st period - Shot by Steve Sullivan.
12:25 of 1st period - Shot Misses the Net.
12:27 of 1st period - Shot by Steve Sullivan.
12:27 of 1st period - Stopped by Jaroslav Halak without a rebound.
12:28 of 1st period - John Madden wins face-off versus Nick Spaling in Lightning zone.
12:47 of 1st period - Shot by Andrej Meszaros.
12:47 of 1st period - Shot Blocked by Kevin Bieksa.
12:57 of 1st period - Shot by Marc-Andre Bergeron.
12:57 of 1st period - Stopped by Jaroslav Halak without a rebound.
12:58 of 1st period - Nathan Gerbe wins face-off versus Patrick Sharp in Lightning zone.
13:18 of 1st period - Shot by Patrick Sharp.
13:18 of 1st period - Shot Misses the Net.
14:54 of 1st period - Shot by Teddy Purcell.
14:54 of 1st period - Goal by Teddy Purcell - Flyers : 1 - Lightning : 1.
14:55 of 1st period - Nick Spaling wins face-off versus Dustin Penner in neutral zone.
15:06 of 1st period - Shot by Nick Spaling.
15:06 of 1st period - Deflect By Mike Knuble.
15:06 of 1st period - Stopped by Devan Dubnyk with a rebound.
15:08 of 1st period - Shot by Mike Knuble.
15:08 of 1st period - Shot Misses the Net.
15:10 of 1st period - Shot by Mike Knuble.
15:10 of 1st period - Stopped by Devan Dubnyk without a rebound.
15:11 of 1st period - Kyle Brodziak wins face-off versus Patrick Kane in Flyers zone.
15:19 of 1st period - Andreas Lilja is hit by Tim Gleason and loses puck.
15:26 of 1st period - Shot by Kyle Brodziak.
15:26 of 1st period - Goal by Kyle Brodziak - Flyers : 2 - Lightning : 1.
15:27 of 1st period - Paul Stastny wins face-off versus Dustin Penner in neutral zone.
15:49 of 1st period - Icing by Eric Nystrom.
15:50 of 1st period - Paul Stastny wins face-off versus Kyle Brodziak in Lightning zone.
15:50 of 1st period - Paul Stastny is hit by Justin Williams.
15:56 of 1st period - Kyle Brodziak is hit by Eric Nystrom and loses puck.
16:55 of 1st period - Shot by Martin St. Louis.
16:55 of 1st period - Shot Misses the Net.
17:01 of 1st period - Shot by Martin St. Louis.
17:01 of 1st period - Stopped by Devan Dubnyk without a rebound.
17:02 of 1st period - Tomas Plekanec wins face-off versus Dustin Penner in Flyers zone.
17:11 of 1st period - Shot by Nikolai Kulemin.
17:11 of 1st period - Shot Misses the Net.
17:29 of 1st period - Shot by Scott Hartnell.
17:29 of 1st period - Stopped by Devan Dubnyk without a rebound.
17:30 of 1st period - David Steckel wins face-off versus Patrick Sharp in Flyers zone.
18:14 of 1st period - Shot by Patrick Kane.
18:14 of 1st period - Shot Hit the Post.
18:36 of 1st period - Shot by Tomas Plekanec.
18:36 of 1st period - Stopped by Devan Dubnyk without a rebound.
18:37 of 1st period - Kyle Brodziak wins face-off versus Paul Stastny in Flyers zone.
18:51 of 1st period - Minor Penalty to Marc-Andre Bergeron for Holding.
18:52 of 1st period - Paul Stastny wins face-off versus Kyle Brodziak in Flyers zone.
19:26 of 1st period - Shot by Paul Stastny.
19:26 of 1st period - Stopped by Devan Dubnyk without a rebound.
19:27 of 1st period - Kyle Brodziak wins face-off versus Patrick Sharp in Flyers zone.

2nd period


0:01 of 2nd period - Kyle Brodziak wins face-off versus Patrick Kane in neutral zone.
1:06 of 2nd period - Shot by Tomas Plekanec.
1:06 of 2nd period - Shot Misses the Net.
2:24 of 2nd period - Icing by Paul Stastny.
2:25 of 2nd period - Marc-Andre Bergeron wins face-off versus Paul Stastny in Lightning zone.
2:50 of 2nd period - Shot by Justin Williams.
2:50 of 2nd period - Shot Blocked by Jaroslav Spacek.
2:52 of 2nd period - Shot by Marc-Andre Bergeron.
2:52 of 2nd period - The goal is going for a video replay.
2:52 of 2nd period - The goal is refused.
2:53 of 2nd period - Dustin Penner wins face-off versus Patrick Sharp in Lightning zone.
3:01 of 2nd period - Nikolai Kulemin is hit by Brent Seabrook and loses puck.
3:28 of 2nd period - Shot by Martin St. Louis.
3:28 of 2nd period - Stopped by Devan Dubnyk without a rebound.
3:29 of 2nd period - Kyle Brodziak wins face-off versus Nick Spaling in Flyers zone.
4:06 of 2nd period - Shot by Justin Williams.
4:06 of 2nd period - Stopped by Jaroslav Halak without a rebound.
4:07 of 2nd period - Patrick Sharp wins face-off versus Dustin Penner in Lightning zone.
5:10 of 2nd period - Icing by Andrej Meszaros.
5:11 of 2nd period - Tomas Plekanec wins face-off versus Kyle Brodziak in Lightning zone.
5:11 of 2nd period - Tomas Plekanec is hit by Marc-Andre Bergeron.
6:03 of 2nd period - Josh Gorges is hit by Kyle Brodziak.
7:16 of 2nd period - Shot by Patrick Sharp.
7:16 of 2nd period - Shot Misses the Net.
7:18 of 2nd period - Shot by Patrick Kane.
7:18 of 2nd period - Shot Misses the Net.
7:20 of 2nd period - Shot by Patrick Sharp.
7:20 of 2nd period - Shot Misses the Net.
7:38 of 2nd period - Martin St. Louis is hit by Brian Lee.
7:42 of 2nd period - Shot by Patrick Kane.
7:42 of 2nd period - Deflect By Martin St. Louis.
7:42 of 2nd period - Shot Misses the Net.
7:44 of 2nd period - Shot by Patrick Kane.
7:44 of 2nd period - Shot Misses the Net.
7:46 of 2nd period - Shot by Tim Gleason.
7:46 of 2nd period - Shot Hit the Post.
8:21 of 2nd period - Off-side.
8:22 of 2nd period - David Steckel wins face-off versus Tomas Plekanec in neutral zone.
10:34 of 2nd period - Shot by Teddy Purcell.
10:34 of 2nd period - Shot Blocked by Philip Larsen.
11:27 of 2nd period - John Madden is hit by Josh Gorges and loses puck.
11:40 of 2nd period - Icing by Andrej Meszaros.
11:41 of 2nd period - Mike Knuble wins face-off versus Dustin Penner in Lightning zone.
11:41 of 2nd period - Mike Knuble is hit by Gabriel Bourque.
11:48 of 2nd period - Nick Spaling is hit by Kevin Bieksa and loses puck.
12:08 of 2nd period - Ryan Ellis is hit by Andrej Meszaros and loses puck.
12:33 of 2nd period - Icing by Andrej Meszaros.
12:34 of 2nd period - David Steckel wins face-off versus Nick Spaling in Lightning zone.
12:40 of 2nd period - Shot by Niklas Hagman.
12:40 of 2nd period - Deflect By Nathan Gerbe.
12:40 of 2nd period - Goal by Nathan Gerbe - Flyers : 3 - Lightning : 1.
12:41 of 2nd period - Dustin Penner wins face-off versus Patrick Sharp in neutral zone.
12:46 of 2nd period - Shot by Steve Sullivan.
12:46 of 2nd period - Deflect By Nikolai Kulemin.
12:46 of 2nd period - Shot Blocked by Brent Seabrook.
12:48 of 2nd period - Shot by Steve Sullivan.
12:48 of 2nd period - Shot Misses the Net.
12:50 of 2nd period - Shot by Nikolai Kulemin.
12:50 of 2nd period - Shot Misses the Net.
13:06 of 2nd period - Shot by Steve Sullivan.
13:06 of 2nd period - Goal by Steve Sullivan - Flyers : 4 - Lightning : 1.
13:07 of 2nd period - Tomas Plekanec wins face-off versus David Steckel in neutral zone.
13:10 of 2nd period - Shot by Tim Gleason.
13:10 of 2nd period - Shot Blocked by Brian Lee.
13:27 of 2nd period - Icing by Tim Gleason.
13:28 of 2nd period - Kyle Brodziak wins face-off versus Tomas Plekanec in Lightning zone.
13:29 of 2nd period - Shot by Marc-Andre Bergeron.
13:29 of 2nd period - Shot Misses the Net.
14:20 of 2nd period - Icing by Brent Seabrook.
14:21 of 2nd period - Dustin Penner wins face-off versus Patrick Sharp in Lightning zone.
14:39 of 2nd period - Shot by Dustin Penner.
14:39 of 2nd period - Stopped by Jaroslav Halak without a rebound.
14:40 of 2nd period - Paul Stastny wins face-off versus Nathan Gerbe in Lightning zone.
16:06 of 2nd period - Brent Seabrook is hit by David Steckel and loses puck.
16:22 of 2nd period - Martin St. Louis is hit by Kyle Brodziak.
16:37 of 2nd period - Marek Zidlicky is hit by Luke Schenn and loses puck.
16:41 of 2nd period - Icing by Chris Pronger.
16:42 of 2nd period - Tomas Plekanec wins face-off versus Kyle Brodziak in Flyers zone.
16:42 of 2nd period - Tomas Plekanec is hit by Luke Schenn.
16:43 of 2nd period - Minor Penalty to Luke Schenn for Elbowing.
16:44 of 2nd period - Kyle Brodziak wins face-off versus Paul Stastny in Flyers zone.
16:44 of 2nd period - Kyle Brodziak is hit by Scott Hartnell.
16:56 of 2nd period - Shot by Josh Gorges.
16:56 of 2nd period - Shot Misses the Net.
17:13 of 2nd period - Shot by Josh Gorges.
17:13 of 2nd period - Stopped by Devan Dubnyk with a rebound.
18:50 of 2nd period - Icing by Tim Gleason.
18:51 of 2nd period - Nick Spaling wins face-off versus David Steckel in Lightning zone.
18:51 of 2nd period - Nick Spaling is hit by David Steckel.
19:44 of 2nd period - Brian Lee is hit by Eric Nystrom and loses puck.

3rd period


0:01 of 3rd period - Kyle Brodziak wins face-off versus Scott Hartnell in neutral zone.
0:24 of 3rd period - Icing by Chris Pronger.
0:25 of 3rd period - Patrick Sharp wins face-off versus Kyle Brodziak in Flyers zone.
0:25 of 3rd period - Patrick Sharp is hit by Luke Schenn.
0:49 of 3rd period - Shot by Kyle Brodziak.
0:49 of 3rd period - Shot Misses the Net.
0:51 of 3rd period - Shot by Justin Williams.
0:51 of 3rd period - Goal by Justin Williams - Flyers : 5 - Lightning : 1.
0:52 of 3rd period - Tomas Plekanec wins face-off versus Dustin Penner in neutral zone.
0:54 of 3rd period - Minor Penalty to Kevin Bieksa for Holding.
0:55 of 3rd period - Kyle Brodziak wins face-off versus Paul Stastny in Flyers zone.
1:36 of 3rd period - Shot by Brent Seabrook.
1:36 of 3rd period - Stopped by Devan Dubnyk with a rebound.
1:43 of 3rd period - Icing by Marek Zidlicky.
1:44 of 3rd period - Paul Stastny wins face-off versus Kyle Brodziak in Lightning zone.
1:50 of 3rd period - Off-side.
1:51 of 3rd period - Patrick Sharp wins face-off versus Marc-Andre Bergeron in neutral zone.
1:54 of 3rd period - Shot by Martin St. Louis.
1:54 of 3rd period - Shot Misses the Net.
1:56 of 3rd period - Shot by Patrick Sharp.
1:56 of 3rd period - Goal by Patrick Sharp - Flyers : 5 - Lightning : 2.
1:57 of 3rd period - Steve Sullivan wins face-off versus Patrick Sharp in neutral zone.
2:24 of 3rd period - Minor Penalty to Dustin Penner for Interference.
2:25 of 3rd period - Paul Stastny wins face-off versus Kyle Brodziak in Flyers zone.
2:30 of 3rd period - Shot by Martin Havlat.
2:30 of 3rd period - Stopped by Devan Dubnyk without a rebound.
2:31 of 3rd period - Kyle Brodziak wins face-off versus Martin Havlat in Flyers zone.
2:37 of 3rd period - Icing by Brent Seabrook.
2:38 of 3rd period - Paul Stastny wins face-off versus Kyle Brodziak in Lightning zone.
3:03 of 3rd period - Shot by Scott Hartnell.
3:03 of 3rd period - Stopped by Devan Dubnyk without a rebound.
3:04 of 3rd period - Kyle Brodziak wins face-off versus Patrick Sharp in Flyers zone.
3:35 of 3rd period - Shot by Andrej Meszaros.
3:35 of 3rd period - Stopped by Devan Dubnyk with a rebound.
4:17 of 3rd period - Icing by Martin Havlat.
4:18 of 3rd period - Paul Stastny wins face-off versus Kyle Brodziak in Lightning zone.
5:29 of 3rd period - Shot by Steve Sullivan.
5:29 of 3rd period - Stopped by Jaroslav Halak without a rebound.
5:30 of 3rd period - Kyle Brodziak wins face-off versus Patrick Sharp in Lightning zone.
5:36 of 3rd period - Off-side.
5:37 of 3rd period - Martin Havlat wins face-off versus Kyle Brodziak in neutral zone.
5:37 of 3rd period - Tomas Plekanec is hit by Kyle Brodziak and loses puck.
5:44 of 3rd period - Shot by Marc-Andre Bergeron.
5:44 of 3rd period - Stopped by Jaroslav Halak without a rebound.
5:45 of 3rd period - Tomas Plekanec wins face-off versus Kyle Brodziak in Lightning zone.
6:45 of 3rd period - Off-side.
6:46 of 3rd period - Dustin Penner wins face-off versus Patrick Sharp in neutral zone.
7:07 of 3rd period - Nikolai Kulemin is hit by Andrej Meszaros and loses puck.
8:06 of 3rd period - Shot by David Steckel.
8:06 of 3rd period - Shot Blocked by Josh Gorges.
8:25 of 3rd period - Icing by Philip Larsen.
8:26 of 3rd period - Paul Stastny wins face-off versus David Steckel in Flyers zone.
8:46 of 3rd period - Off-side.
8:47 of 3rd period - Kyle Brodziak wins face-off versus Tomas Plekanec in neutral zone.
9:22 of 3rd period - Shot by Tomas Plekanec.
9:22 of 3rd period - Stopped by Devan Dubnyk without a rebound.
9:23 of 3rd period - Paul Stastny wins face-off versus Dustin Penner in Flyers zone.
9:42 of 3rd period - Shot by Steve Sullivan.
9:42 of 3rd period - Deflect By Nikolai Kulemin.
9:42 of 3rd period - Stopped by Jaroslav Halak with a rebound.
10:07 of 3rd period - Minor Penalty to Brent Seabrook for Interference.
10:08 of 3rd period - Tomas Plekanec wins face-off versus Marc-Andre Bergeron in Lightning zone.
10:26 of 3rd period - Marc-Andre Bergeron is hit by Andrej Meszaros and loses puck.
10:50 of 3rd period - Marc-Andre Bergeron is hit by Tomas Plekanec and loses puck.
11:24 of 3rd period - Shot by Justin Williams.
11:24 of 3rd period - Shot Blocked by Jaroslav Spacek.
11:38 of 3rd period - Shot by Kevin Bieksa.
11:38 of 3rd period - Stopped by Jaroslav Halak with a rebound.
12:10 of 3rd period - Shot by Gabriel Bourque.
12:10 of 3rd period - Shot Blocked by Brent Seabrook.
12:57 of 3rd period - Patrick Kane is hit by Andreas Lilja and loses puck.
13:05 of 3rd period - Martin St. Louis is hit by Andreas Lilja and loses puck.
13:06 of 3rd period - Minor Penalty to Philip Larsen for Elbowing.
13:07 of 3rd period - Patrick Sharp wins face-off versus Kyle Brodziak in Flyers zone.
13:58 of 3rd period - Off-side.
13:59 of 3rd period - Paul Stastny wins face-off versus Kyle Brodziak in neutral zone.
14:42 of 3rd period - Off-side.
14:43 of 3rd period - Patrick Sharp wins face-off versus Kyle Brodziak in neutral zone.
14:57 of 3rd period - Shot by Brent Seabrook.
14:57 of 3rd period - Shot Misses the Net.
15:23 of 3rd period - Shot by Nathan Gerbe.
15:23 of 3rd period - Stopped by Jaroslav Halak with a rebound.
15:25 of 3rd period - Shot by Brian Lee.
15:25 of 3rd period - Stopped by Jaroslav Halak with a rebound.
15:27 of 3rd period - Shot by Niklas Hagman.
15:27 of 3rd period - Shot Misses the Net.
15:37 of 3rd period - Shot by David Steckel.
15:37 of 3rd period - Stopped by Jaroslav Halak without a rebound.
15:38 of 3rd period - Paul Stastny wins face-off versus Dustin Penner in Lightning zone.
15:38 of 3rd period - Paul Stastny is hit by Dustin Penner.
16:10 of 3rd period - Shot by Paul Stastny.
16:10 of 3rd period - Deflect By Teddy Purcell.
16:10 of 3rd period - Shot Misses the Net.
17:07 of 3rd period - Off-side.
17:08 of 3rd period - Tomas Plekanec wins face-off versus Kyle Brodziak in neutral zone.
17:08 of 3rd period - Tomas Plekanec is hit by Marc-Andre Bergeron.
18:55 of 3rd period - Icing by Niklas Hagman.
18:56 of 3rd period - David Steckel wins face-off versus Paul Stastny in Flyers zone.


Output by the SimonT Hockey Simulator (STHS) for Stephane Roy -- Original Page W3C XHTML 1.0 Valid
Hockey Simulator - Hockey Simulation - Hockey Manager